 Dungeon Crawl Stone Soup version 0.29.0-13-gc9e81de378 (webtiles) character file.

Game seed: 10091793006970044079

43332 manyhoops the Brawler (level 13, 0/111 HPs)
             Began as a Demigod Transmuter on Sept 8, 2022.
             Slain by a komodo dragon (64 damage)
             ... on level 5 of the Lair of Beasts.
             The game lasted 00:32:57 (24477 turns).

manyhoops the Brawler (Demigod Transmuter)         Turns: 24477, Time: 00:32:57

Health: 0/111      AC: 15    Str: 23    XL:     13   Next: 53%
Magic:  14/21      EV:  2    Int: 26    God:
Gold:   810        SH:  0    Dex: 14    Spells: 6/18 levels left

rFire   . . .      SeeInvis .     - Unarmed
rCold   . . .      Faith    .   (shield currently unavailable)
rNeg    . . .      Spirit   .   H - +3 ring mail "Xotuig" {rPois Int+7}
rPois   +          Reflect  .   L - +2 hat
rElec   .          Harm     .   (no cloak)
rCorr   +          Rampage  .   (gloves currently unavailable)
Will    +....                   (no boots)
Stlth   +.........              c - amulet of the acrobat
HPRegen 0.28/turn               n - ring of resist corrosion
MPRegen 0.17/turn               y - +4 ring of protection

@: blade hands, sleeping, wereblooded, studying Ice Magic
A: high MP 1, forlorn, divine attributes
a: End Transformation


You were on level 5 of the Lair of Beasts.
You had blades for hands.
You visited 2 branches of the dungeon, and saw 16 of its levels.
You also visited: Ossuary and Ice Cave.

You collected 1180 gold pieces.
You spent 370 gold pieces at shops.

Inventory:

Hand Weapons
 j - the +9 long sword of Effo {spect, rF++ rC++ Dex-2}
   (You found it on level 1 of the Lair of Beasts)

   When its wielder attacks, the weapon's spirit leaps out and strikes again.
   The spirit shares a part of any damage it takes with its wielder.
   Dex:       It affects your dexterity (-2).
   rF:        It greatly protects you from fire.
   rC:        It greatly protects you from cold.
Missiles
 o - 2 throwing nets
Armour
 b - a +2 pair of gloves (melded)
 H - the +3 ring mail "Xotuig" (worn) {rPois Int+7}
   (You found it on level 9 of the Dungeon)

   Int:       It affects your intelligence (+7).
   rPois:     It protects you from poison.
 L - a +2 hat (worn)
Jewellery
 c - an amulet of the acrobat (around neck)
 n - a ring of resist corrosion (left blade hand)
 y - a +4 ring of protection (right blade hand)
Wands
 i - a wand of iceblast (3)
 A - a wand of light (5)
 F - a wand of polymorph (7)
 G - a wand of charming (8)
Scrolls
 d - 2 scrolls of poison
 e - 2 scrolls of teleportation
 k - 6 scrolls of immolation
 l - 3 scrolls of torment
 p - 3 scrolls of fog
 v - a scroll of brand weapon
 w - 2 scrolls of enchant armour
 x - 6 scrolls of vulnerability
 B - 8 scrolls of identify
 I - a scroll of enchant weapon
 M - a scroll of amnesia
Potions
 f - 4 potions of heal wounds
 g - 3 potions of attraction
 h - 9 potions of curing
 m - 6 potions of mutation
 q - 4 potions of brilliance
 r - 2 potions of cancellation
 s - 4 potions of haste
 t - 2 potions of magic
 u - 10 potions of might
 D - a potion of flight
 E - a potion of invisibility
 J - 4 potions of lignification
 K - a potion of berserk rage
Miscellaneous
 a - a tin of tremorstones (2/2)


   Skills:
 * Level 9.4 Fighting
 - Level 4.8 Armour
 - Level 6.1 Dodging
 + Level 16.1 Unarmed Combat
 - Level 3.3 Spellcasting
 - Level 9.9 Transmutations


You had 6 spell levels left.
You knew the following spells:

 Your Spells              Type           Power      Damage    Failure   Level
a - Beastly Appendage     Tmut           100%       N/A       9%          1
b - Wereblood             Tmut           54%        N/A       11%         2
c - Ice Form              Ice/Tmut       30%        N/A       61%         4
d - Blade Hands           Tmut           27%        N/A       36%         5

Your spell library contained the following spells:

 Spells                   Type           Power      Damage    Failure   Level
 Spider Form              Tmut/Pois      30%        N/A       34%         3
 Ignite Poison            Fire/Tmut/Pois 21%        N/A       47%         3
 Ensorcelled Hibernation  Hex/Ice        8%         N/A       65%         2
 Gell's Gravitas          Tloc           4%         N/A       80%         3
 Mephitic Cloud           Conj/Pois/Air  4%         N/A       80%         3
 Portal Projectile        Hex/Tloc       8%         N/A       80%         3
 Teleport Other           Tloc           4%         N/A       80%         3
 Tukima's Dance           Hex            4%         N/A       80%         3
 Anguish                  Hex/Necr       2%         N/A       98%         4
 Freezing Cloud           Conj/Ice/Air   2%         6-21      100%        5
 Dispersal                Tloc           2%         N/A       100%        6


Dungeon Overview and Level Annotations

Branches:
Dungeon (11/15)            Temple (0/1) D:4            Lair (5/5) D:10
 Shoals (0/4) Lair:3       Spider (0/4) Lair:3      Ossuary (visited)
  IceCv (visited)
  Slime: Lair:4-5       Orc: D:9-12

Shops:
D:5 (   D:8 =   D:11 *[!!

Annotations:
D:7 ToffieWolf's ghost, novice MiBe
D:8 1 transporter


Innate Abilities, Weirdness & Mutations

You have blades for hands.
Your spellcasting is less reliable in this form.
You are incapable of wielding weapons or throwing items.
You have an increased reservoir of magic. (+10% MP)
You shall have no god before yourself.
Your divine heritage dramatically boosts your attributes as you level up.


Message History

The cane toad is almost dead.
You slash the cane toad!
You kill the cane toad!
No target in view!
You start resting.
Magic restored.
Casting: Blade Hands (dangerous; 36% risk of failure)
Confirm with . or Enter, or press ? or * to list all spells.
You miscast Wereblood.
You are very lightly contaminated with residual magic.
Nothing appears to happen.
You start resting.
Your transformation is almost over.
Your magical contamination has completely faded away.
You start resting.
Your hands revert to their normal proportions.
Your +2 pair of gloves unmelds from your body.
You start waiting.
Done waiting.
Your hands turn into razor-sharp scythe blades.
Your +2 pair of gloves melds into your body.
Casting: Blade Hands (dangerous; 36% risk of failure)
Confirm with . or Enter, or press ? or * to list all spells.
Your blood is infused with primal strength.
You climb downwards.
The elephant trumpets!
The dream sheep ruffle their wool and motes of dream dust sparkle, to no effect.
The komodo dragon bites you! The yak closely misses you.
The komodo dragon bites you! The yak closely misses you.
The dream sheep misses you.
The komodo dragon bites you but does no damage.
The dream sheep ruffle their wool and motes of dream dust sparkle, to no effect.
There is a stone staircase leading up here.
The komodo dragon misses you. The komodo dragon bites you!!
The dream sheep barely misses you.
The dream sheep shake their wool and sparkle.
You feel drowsy...
You fall asleep.
You stop ascending the stairs.
The komodo dragon bites you!!!
Ouch! That really hurt!
You die...

.....## ..#..#.##
PP......# # ........#
## ####. ....Y..<#
#.##...####
.Y....#..##.........##
...l# ...............#
... ##...Y...l.P.P#...
# ##......Y@lY.....
#...[.FYl......
...............
..#....#..Y...[
...##.. ..#.... .. ##.
....Y.. . ## .......
.......


You could see an elephant, 3 komodo dragons, a yak, a cane toad and 4 dream
sheep.

Vanquished Creatures
  Gastronok (Lair:2)
  Josephine (D:11)
  2 hydras
  A boulder beetle (D:11)
  A two-headed ogre (D:7)
  7 death yaks
  The ghost of Aryth the Slasher, a novice GnCA of Ignis (Lair:1)
  5 lindwurms
  A necromancer (Lair:3)
  An ugly thing (IceCv)
  3 black mambas
  12 elephants
  4 cane toads
  2 freezing wraiths (IceCv)
  4 rime drakes
  An unseen horror (D:11)
  3 anaconda simulacra (IceCv)
  3 komodo dragons
  8 ice devils (IceCv)
  A merfolk (Lair:3)
  2 trolls
  2 hornets (D:9)
  16 blink frogs
  2 polar bears
  4 dream sheep
  Sigmund (D:2)
  A dire elephant simulacrum (IceCv)
  4 wraiths (D:11)
  5 wyverns
  25 yaks
  4 basilisks
  A death yak simulacrum (IceCv)
  A steam dragon (D:7)
  3 hydra simulacra (IceCv)
  10 water moccasins
  Duvessa (D:7)
  An acid dragon (D:8)
  2 orc warriors
  An ice beast (D:7)
  3 sky beasts (D:6)
  3 black bears
  3 ogres
  15 wolves
  4 centaurs
  3 kobold brigands
  5 cane toad simulacra (IceCv)
  12 bullfrogs
  8 scorpions
  A necrophage (D:7)
  A gnoll sergeant (D:10)
  A two-headed ogre simulacrum (IceCv)
  16 wights
  Dowan (D:7)
  3 elephant simulacra (IceCv)
  3 killer bees (D:7)
  2 electric eels
  2 centaur zombies (Ossuary)
  A hound (D:7)
  A jelly (D:4)
  An orc priest (D:8)
  5 iguanas
  11 orc wizards
  6 yak simulacra (Lair:3)
  A troll simulacrum (IceCv)
  A polar bear simulacrum (IceCv)
  9 wolf simulacra
  A boggart simulacrum (D:11)
  4 mummies (Ossuary)
  17 gnolls
  8 adders
  3 naga simulacra (IceCv)
  A shadow imp (D:8)
  5 white imps
  5 worms
  3 dart slugs
  42 orcs
  10 bats
  8 endoplasms
  4 giant cockroaches
  A gnoll zombie (Ossuary)
  8 hobgoblins
  10 jackals
  11 kobolds
  4 quokkas
  5 ball pythons
  5 frilled lizards
  9 goblins
  A goblin zombie (Ossuary)
  A hobgoblin zombie (Ossuary)
  A kobold zombie (Ossuary)
  2 orc zombies (Ossuary)
  3 rats
  3 river rat simulacra (Lair:3)
445 creatures vanquished.

Vanquished Creatures (collateral kills)
  A lindwurm (Lair:2)
1 creature vanquished.

Vanquished Creatures (others)
  A bush (Lair:4)
  29 fungi
  28 plants
58 creatures vanquished.

Grand Total: 504 creatures vanquished

Notes
Turn   | Place    | Note
-------+----------+-------------------------------------------
     0 | D:1      | manyhoops the Demigod Transmuter began the quest for the
                  | Orb.
     0 | D:1      | Reached XP level 1. HP: 15/15 MP: 5/5
    62 | D:1      | Reached skill level 1 in Fighting
   104 | D:1      | Reached skill level 3 in Unarmed Combat
   274 | D:1      | Reached XP level 2. HP: 23/23 MP: 5/7
   324 | D:1      | Learned a level 2 spell: Wereblood
   818 | D:1      | Reached XP level 3. HP: 27/28 MP: 6/8
  1384 | D:2      | Noticed Sigmund
  1417 | D:2      | Reached skill level 4 in Unarmed Combat
  2101 | D:3      | Reached XP level 4. HP: 25/36 MP: 6/9
  2982 | D:4      | Reached XP level 5. HP: 41/41 MP: 6/10
  2992 | D:4      | Reached skill level 5 in Unarmed Combat
  3163 | D:4      | Found a sand-covered staircase.
  3185 | Ossuary  | Entered an ossuary
  3542 | Ossuary  | Reached XP level 6. HP: 50/50 MP: 7/11
  4359 | D:4      | Found a staircase to the Ecumenical Temple.
  4600 | D:5      | Entered Level 5 of the Dungeon
  4729 | D:5      | Reached XP level 7. HP: 56/56 MP: 10/12
  4748 | D:5      | Found Dacru's Antique Weapon Boutique.
  4784 | D:5      | Reached skill level 5 in Transmutations
  5356 | D:2      | Killed Sigmund
  6011 | D:6      | Reached XP level 8. HP: 35/62 MP: 13/13
  6905 | D:6      | Learned a level 4 spell: Ice Form
  6911 | D:6      | Learned a level 5 spell: Blade Hands
  7495 | D:7      | Noticed Duvessa
  7502 | D:7      | Killed Duvessa
  7520 | D:7      | Noticed Dowan
  7902 | D:7      | Found a runed translucent gate.
  7905 | D:7      | Found a runed translucent gate.
  7905 | D:7      | Found a runed translucent gate.
  7929 | D:7      | Noticed ToffieWolf's ghost (novice MiBe)
  7946 | D:7      | Reached XP level 9. HP: 65/68 MP: 14/16
  8188 | D:7      | Killed Dowan
  8193 | D:7      | Reached skill level 6 in Unarmed Combat
  8612 | D:7      | Noticed a two-headed ogre
  8619 | D:7      | Killed a two-headed ogre
  8620 | D:7      | Reached skill level 7 in Unarmed Combat
  9143 | D:8      | Found a transporter.
  9214 | D:8      | Found Ynihyto's Jewellery Shoppe.
  9769 | D:8      | Reached skill level 5 in Fighting
 10211 | D:8      | Reached skill level 8 in Unarmed Combat
 10211 | D:8      | Reached XP level 10. HP: 48/77 MP: 12/18
 11098 | D:9      | Paralysed by a hornet for 1 turns
 11375 | D:9      | Identified the +3 ring mail "Xotuig" {rPois Int+7}
 11397 | D:9      | Reached skill level 1 in Armour
 11797 | D:10     | Entered Level 10 of the Dungeon
 12118 | D:11     | Noticed a boulder beetle
 12126 | D:11     | Killed a boulder beetle
 12515 | D:11     | Found Yduliamp's Distillery.
 12521 | D:11     | Noticed Josephine
 12536 | D:11     | Killed Josephine
 12537 | D:11     | Reached skill level 9 in Unarmed Combat
 12548 | D:11     | Bought 2 potions of curing for 102 gold pieces
 12661 | D:11     | Found Gualofud's Distillery.
 12669 | D:11     | Bought a potion of flight for 48 gold pieces
 12669 | D:11     | Bought a potion of might for 64 gold pieces
 12669 | D:11     | Bought a potion of heal wounds for 80 gold pieces
 12678 | D:11     | Found Tucaol's Antique Armour Shoppe.
 12686 | D:11     | Bought a potion of lignification for 48 gold pieces
 13152 | D:11     | Identified the +6 war axe of Slimy Defence {vorpal, Dex+4}
 13187 | D:11     | Found Cietwoag's Assorted Antiques.
 13192 | D:11     | Bought a bubbling ruby potion for 28 gold pieces
 13760 | D:10     | Reached skill level 10 in Unarmed Combat
 13823 | D:10     | Found a staircase to the Lair.
 14031 | Lair:1   | Entered Level 1 of the Lair of Beasts
 14040 | Lair:1   | Reached XP level 11. HP: 69/89 MP: 12/19
 14197 | Lair:1   | Found a large runed translucent door.
 14305 | Lair:1   | Identified the +9 long sword of Effo {spect, rF++ rC++
                  | Dex-2}
 14377 | Lair:1   | Noticed a seven-headed hydra
 14384 | Lair:1   | Killed a seven-headed hydra
 14387 | Lair:1   | Reached skill level 11 in Unarmed Combat
 14495 | Lair:1   | Noticed a lindwurm
 14502 | Lair:1   | Killed a lindwurm
 14995 | Lair:1   | Noticed Aryth's ghost (novice GnCA)
 14996 | Lair:1   | Found a large runed translucent door.
 15873 | Lair:2   | Reached skill level 12 in Unarmed Combat
 16037 | Lair:2   | Noticed Gastronok
 16041 | Lair:2   | Noticed a lindwurm
 16049 | Lair:2   | Noticed a lindwurm
 16050 | Lair:2   | Noticed a lindwurm
 16053 | Lair:2   | Noticed a lindwurm
 16658 | Lair:2   | You fall into a shaft and drop 1 floor!
 16663 | Lair:3   | Noticed a necromancer
 16671 | Lair:3   | Killed a necromancer
 16672 | Lair:3   | Reached skill level 5 in Dodging
 16675 | Lair:3   | Reached XP level 12. HP: 58/98 MP: 18/20
 17943 | Lair:2   | Killed Gastronok
 18131 | Lair:2   | Reached skill level 13 in Unarmed Combat
 19032 | Lair:3   | Found a staircase to the Shoals.
 19198 | Lair:3   | Reached skill level 14 in Unarmed Combat
 19410 | Lair:3   | Found a hole to the Spider Nest.
 19889 | Lair:4   | Found a frozen archway.
 19908 | IceCv    | Entered an ice cave
 21266 | IceCv    | Reached XP level 13. HP: 31/108 MP: 15/21
 21983 | IceCv    | Reached skill level 15 in Unarmed Combat
 22829 | Lair:4   | Identified the +4 ring mail of Ronaduq {rN+}
 23365 | Lair:4   | Reached skill level 16 in Unarmed Combat
 23977 | Lair:1   | Killed Aryth's ghost
 24091 | Lair:5   | Entered Level 5 of the Lair of Beasts
 24477 | Lair:5   | Slain by a komodo dragon

Illustrated notes

Levels and vault maps discovered:
D:1:      heliophobic_arrival_henge, layout_loops_ring
D:2:      kennysheep_big_flooded_room, layout_basic,
          hellmonk_ecumenical_altar_crossroads, hex_intersection,
          minmay_stone_trees_medium, uniq_sigmund
D:3:      layout_basic, mainiacjoe_overflow_large_starburst,
          nicolae_overflow_hidden_temple
D:4:      layout_cave_pools, minmay_temple_entry_butterflies,
          nicolae_ossuary_entry_monument
D:5:      layout_rooms, serial_shops, shop
D:6:      layout_cave_pools, grunt_tough_drop
D:7:      layout_loops_ring, gammafunk_ghost_nasty_kobolds, uniq_duvessa
D:8:      layout_loops_ring, serial_shops, nicolae_square_shop,
          nicolae_diode_basic
D:9:      hellmonk_crumbling_castle, layout_rooms
D:10:     layout_big_octagon, lair_entry_dummy
D:11:     layout_loops_ring, serial_shops, shop, shop, kennysheep_little_box,
          nicolae_shop_behind_doors, uniq_josephine
Lair:1:   layout_regular_city, ebering_ghost_disaster_area,
          chequers_serial_rivers_room_a
Lair:2:   layout_chaotic_city, minmay_lindwurm_lava, uniq_gastronok
Lair:3:   layout_loops_ring, elwin_shoals_entry_rooms,
          nicolae_spider_entry_non_spiders, eino_house_with_fridge,
          grunt_megastairs_2
Lair:4:   layout_cave_pods, portal_ice_cave_rime
Lair:5:   hangedman_lair_caniforms_friends, layout_misc_corridors,
          hangedman_lair_in_review, slime_entry_1

Skill      XL: |  1  2  3  4  5  6  7  8  9 10 11 12 13 |
---------------+----------------------------------------+-----
Fighting       | 1 2 5 6 7 8 9 |  9.4
Unarmed Combat | 3 4 5 8 10 12 14 16 | 16.1
Transmutations | 4 7 9 |  9.9
Spellcasting   | 3 |  3.3
Armour         | 4 |  4.8
Dodging        | 5 6 |  6.1

Action                   |  1- 3 |  4- 6 |  7- 9 | 10-12 | 13-15 || total
-------------------------+-------+-------+-------+-------+-------++-------
Melee: Unarmed           |   144 |   170 |   305 |   514 |   129 ||  1262
       Kick              |    22 |    33 |    46 |     4 |       ||   105
       Headbutt          |    10 |    16 |    28 |     3 |       ||    57
       Punch             |     3 |     6 |    10 |    42 |    21 ||    82
Throw: Throwing net      |       |       |       |     2 |       ||     2
 Cast: Beastly Appendage |    27 |    19 |    25 |     2 |       ||    73
       Wereblood         |     2 |     4 |    15 |    22 |     5 ||    48
       Blade Hands       |       |       |    19 |    69 |    23 ||   111
       Ice Form          |       |       |       |     1 |     1 ||     2
 Abil: End Transformatio |       |       |       |       |     1 ||     1
Evoke: Wand              |       |       |     3 |    12 |       ||    15
  Use: Scroll            |     1 |     6 |     4 |    16 |       ||    27
       Potion            |     1 |     3 |     7 |     8 |     3 ||    22
 Stab: Sleeping          |     3 |     2 |       |       |       ||     5
Armor: Robe              |    20 |    16 |    82 |     8 |       ||   126
       Skin              |       |     5 |    18 |     6 |     1 ||    30
       Ring mail         |       |       |       |   160 |    28 ||   188
Dodge: Dodged            |   127 |    92 |   196 |   319 |    62 ||   796
